 Dungeon Crawl Stone Soup version 0.26-a0-117-g2bcdb00447 (webtiles) character file.

Game seed: 1872797326316859705

8213 Hastur the Fighter (level 11, -2/92 HPs)
             Began as a Formicid Warper on June 28, 2020.
             Was an Initiate of Ru.
             Slain by a troll (12 damage)
             ... on level 12 of the Dungeon.
             The game lasted 00:36:11 (11556 turns).

Hastur the Fighter (Formicid Warper)               Turns: 11556, Time: 00:36:11

Health: -2/92      AC: 16    Str: 25    XL:     11   Next: 51%
Magic:  14/14      EV: 10    Int: 13    God:    Ru [......]
Gold:   464        SH: 11    Dex: 10    Spells: 14/14 levels left

rFire    . . .     SeeInvis +   a - +2 dagger (venom)
rCold    + . .     Faith    .   D - +0 kite shield
rNeg     . . .     Spirit   .   w - +0 plate armour (curse)
rPois    .         Reflect  .   (helmet unavailable)
rElec    .         Harm     .   N - +0 cloak
rCorr    .                      H - +0 pair of gloves
MR       +....                  (no boots)
Stlth    ..........             l - amulet of the acrobat
HPRegen  0.25/turn              h - +6 ring of strength
MPRegen  0.14/turn              k - ring of protection from cold

@: no status effects
A: permanent stasis, dig shafts and tunnels, four strong arms, antennae 3
a: Dig, Shaft Self, Renounce Religion


You were on level 12 of the Dungeon.
You worshipped Ru.
Ru was noncommittal.
You were very hungry.

You visited 2 branches of the dungeon, and saw 11 of its levels.

You collected 464 gold pieces.

Inventory:

Hand Weapons
 a - a +2 dagger of venom (weapon)
 b - a +0 war axe
 c - a +0 hand axe
Missiles
 e - 5 boomerangs of dispersal
 g - 238 stones
 p - 3 boomerangs (quivered)
 B - 6 javelins
 P - 15 poisoned darts
Armour
 w - a cursed +0 plate armour (worn)
 D - a +0 kite shield (worn)
 H - a +0 pair of gloves (worn)
 N - a +0 cloak (worn)
Jewellery
 h - a +6 ring of strength (left hand)
 k - a ring of protection from cold (right hand)
 l - an amulet of the acrobat (around neck)
 t - an uncursed amulet of faith {unknown}
 A - an uncursed ring of protection from magic
 K - an uncursed ring of protection from fire
Wands
 n - a wand of iceblast (13)
 x - a wand of random effects (31)
 y - a wand of paralysis (5)
 z - a wand of flame (9)
 C - a wand of clouds (7)
 I - a wand of polymorph (6)
Scrolls
 j - 8 scrolls of identify
 m - 5 scrolls of remove curse
 s - 2 scrolls of fog
 J - a scroll of enchant weapon {unknown}
 M - a scroll of magic mapping {unknown}
 O - a scroll of summoning {unknown}
 Q - a scroll of vulnerability {unknown}
Potions
 d - 2 potions of flight
 q - 3 potions of mutation {unknown}
 u - 2 potions of brilliance {unknown}
 v - 2 potions of berserk rage {unknown}
 E - a potion of might {unknown}
 F - a potion of resistance
Comestibles
 f - 17 rations
 R - 5 chunks of flesh


   Skills:
 - Level 10.4 Fighting
 - Level 3.3 Axes
 - Level 1.0 Throwing
 + Level 8.8 Armour
 + Level 7.6 Dodging
 - Level 2.0 Stealth
 + Level 8.8 Shields
 - Level 2.1 Spellcasting
   Level 2.6 Translocations
 + Level 3.8 Evocations


You had 14 spell levels left.
You didn't know any spells.
Your spell library contained the following spells:

 Spells                   Type           Power        Failure   Level  Hunger
 Shroud of Golubria       Chrm/Tloc      #.....       94%         2    ###....
 Beastly Appendage        Tmut           #.....       96%         1    ##.....
 Gell's Gravitas          Tloc           #.........   96%         3    ####...
 Lesser Beckoning         Tloc           #.........   96%         3    ####...
 Teleport Other           Tloc           #.......     96%         3    ####...
 Sticks to Snakes         Tmut           #.......     99%         2    ###....
 Spider Form              Tmut/Pois      #.........   100%        3    ####...
 Ice Form                 Ice/Tmut       #.......     100%        4    #####..
 Passage of Golubria      Tloc           N/A          100%        4    #####..
 Blade Hands              Tmut           #.........   100%        5    ######.
 Blink                    Tloc           Unusable     N/A         2    N/A

Dungeon Overview and Level Annotations

Branches:
Dungeon (9/15)             Temple (1/1) D:4
   Lair: D:8-11         Orc: D:9-12

Altars:
Ashenzari
Cheibriados
Dithmenos
Elyvilon
Fedhas
Gozag
Hepliaklqana
Kikubaaqudgha
Makhleb
Nemelex Xobeh
Okawaru
Qazlal
Ru
Sif Muna
Trog
Uskayaw
Vehumet
Wu Jian
Xom
Yredelemnul
Zin
The Shining One
Jiyva

Annotations:
D:3 1 runed translucent door, Crazy Yiuf
D:7 1 runed translucent door, MrRokkomies's ghost, novice CeHu
D:8 3 runed translucent doors, stillor's ghost, novice GrEE
D:9 exclusion: door


Innate Abilities, Weirdness & Mutations

You cannot be hasted, slowed, berserked, paralysed or teleported.
You can dig through walls and to a lower floor.
Your four strong arms can wield two-handed weapons with a shield.
You have a pair of large antennae on your head. (SInv)


Message History

You feel better. The troll bites you.
* * * LOW HITPOINT WARNING * * *
You block the troll's attack. The troll claws you.
* * * LOW HITPOINT WARNING * * *
You hit the troll.
The troll is poisoned.
The troll is lightly wounded.
You block the troll's attack. The troll claws you!
* * * LOW HITPOINT WARNING * * *
The troll barely misses you.
Some of the chunks of flesh in your inventory have rotted away.
You feel better. The troll bites you but does no damage. The troll claws you.
* * * LOW HITPOINT WARNING * * *
You block the troll's attack.
Evoke which item? (* to show all) (? for menu, Esc to quit)
Aiming: Paralyse
Press: ? - help, Shift-Dir - straight line, f - troll
Aim: a troll (very poisoned, chance to defeat MR: 57%)
The troll resists with significant effort.
The troll bites you!
You die...

#.. #..
####..#
.....# ...
....# ###
#..# #..#
#@## #..#
#?.#######T#
#..#
#..)......##
#..#
#..)......#
#..#
#..########
#..#####..#
#..{{{{{{.#
#.T..o{...#
#..#####..#


You could see a troll (very poisoned).

Vanquished Creatures
  A hydra (D:12)
  A two-headed ogre (D:9)
  Pikel (D:7)
  An orc knight (D:12)
  Maurice (D:8)
  A centaur zombie (D:12)
  Psyche (D:9)
  A gargoyle (D:9)
  A troll (D:9)
  2 hornets (D:8)
  Grinder (D:5)
  Sigmund (D:3)
  A shadow (D:9)
  Edmund (D:5)
  Menkaure (D:7)
  A soldier ant (D:8)
  Duvessa (D:4)
  A black bear (D:7)
  5 orc warriors
  2 sky beasts (D:9)
  An ice beast (D:4)
  An ogre (D:5)
  4 centaurs
  6 bullfrogs
  A gnoll sergeant (D:6)
  Dowan (D:4)
  3 scorpions (D:9)
  4 killer bees (D:12)
  2 wights (D:6)
  2 howler monkeys
  2 bullfrog zombies
  2 crimson imps
  4 hounds
  A jelly (D:5)
  An orc priest (D:1)
  A bullfrog skeleton (D:5)
  6 orc wizards
  Ijyb (D:5)
  Natasha (thrice) (D:3)
  3 worker ants
  A hound skeleton (D:4)
  3 gnolls (D:3)
  3 worker ant zombies
  11 adders
  An ooze (D:2)
  2 adder skeletons
  An adder zombie (D:5)
  3 worms
  A dart slug (D:1)
  2 leopard geckos
  13 orcs
  2 ball pythons
  5 bats
  8 giant cockroaches
  5 goblins
  5 hobgoblins
  4 jackals
  7 kobolds
  3 quokkas
  6 frilled lizards
  A jackal skeleton (D:5)
  2 leopard gecko skeletons (D:7)
  A quokka skeleton (D:4)
  7 rats
172 creatures vanquished.

Notes
Turn   | Place    | Note
-------+----------+-------------------------------------------
     0 | D:1      | Hastur the Formicid Warper began the quest for the Orb.
     0 | D:1      | Reached XP level 1. HP: 16/16 MP: 3/3
   110 | D:1      | Reached skill level 1 in Stealth
   110 | D:1      | Reached XP level 2. HP: 23/23 MP: 5/5
   864 | D:2      | Reached XP level 3. HP: 28/28 MP: 6/6
  1002 | D:2      | Found a faded altar of an unknown god.
  1038 | D:2      | Reached skill level 3 in Fighting
  1584 | D:1      | Reached skill level 1 in Shields
  1584 | D:1      | Reached XP level 4. HP: 15/35 MP: 7/7
  1980 | D:2      | Found a stormy altar of Qazlal.
  1983 | D:2      | Found a glowing silver altar of Zin.
  2124 | D:2      | Reached XP level 5. HP: 40/41 MP: 8/8
  2701 | D:3      | Found a runed translucent door.
  2702 | D:3      | Noticed Crazy Yiuf
  2961 | D:3      | Found a shattered altar of Ashenzari.
  3044 | D:3      | Reached skill level 4 in Fighting
  3178 | D:3      | Noticed Sigmund
  3202 | D:3      | Killed Sigmund
  3202 | D:3      | Reached skill level 5 in Fighting
  3202 | D:3      | Reached XP level 6. HP: 40/52 MP: 9/9
  3304 | D:3      | Noticed Natasha
  3318 | D:3      | Killed Natasha
  3318 | D:3      | Reached skill level 6 in Fighting
  3318 | D:3      | Reached XP level 7. HP: 36/58 MP: 10/10
  3817 | D:3      | Noticed Natasha
  3829 | D:3      | Killed Natasha
  3992 | D:3      | Noticed Natasha
  4009 | D:3      | Killed Natasha
  4026 | D:4      | Found an iron altar of Okawaru.
  4187 | D:4      | Found a staircase to the Ecumenical Temple.
  4206 | Temple   | Entered the Ecumenical Temple
  4243 | Temple   | Became a worshipper of Ru the Awakened
  4482 | D:4      | Reached skill level 7 in Fighting
  4832 | D:4      | Found a shadowy altar of Dithmenos.
  5029 | D:5      | Entered Level 5 of the Dungeon
  5144 | D:5      | Noticed Duvessa
  5144 | D:5      | Noticed Dowan
  5277 | D:5      | Reached skill level 8 in Fighting
  5346 | D:5      | Reached XP level 8. HP: 49/69 MP: 11/11
  5526 | D:5      | Noticed Ijyb
  5526 | D:5      | Noticed Edmund
  5559 | D:4      | Killed Duvessa
  5559 | D:4      | Reached skill level 9 in Fighting
  5642 | D:4      | Killed Dowan
  5872 | D:5      | Noticed Grinder
  5903 | D:5      | Killed Grinder
  5924 | D:5      | Found an opulent altar of Gozag.
  5963 | D:5      | Killed Ijyb
  5963 | D:5      | Reached skill level 10 in Fighting
  6014 | D:5      | Killed Edmund
  6180 | D:6      | Found a burning altar of Makhleb.
  6238 | D:6      | Reached XP level 9. HP: 79/79 MP: 12/12
  7484 | D:7      | Noticed Menkaure
  7542 | D:7      | Killed Menkaure
  7542 | D:7      | Reached skill level 5 in Armour
  7993 | D:7      | Found a glowing golden altar of the Shining One.
  8045 | D:7      | Found a runed translucent door.
  8046 | D:7      | Noticed MrRokkomies's ghost (novice CeHu)
  8080 | D:7      | Noticed Pikel
  8102 | D:7      | Killed Pikel
  8102 | D:7      | Reached skill level 5 in Dodging
  8102 | D:7      | Reached skill level 5 in Shields
  8102 | D:7      | Reached XP level 10. HP: 79/86 MP: 13/13
  8456 | D:8      | Found an iron altar of Okawaru.
  8815 | D:8      | Noticed Maurice
  8836 | D:8      | Killed Maurice
  9091 | D:8      | Found a runed translucent gate.
  9093 | D:8      | Found a runed translucent gate.
  9094 | D:8      | Found a runed translucent gate.
  9095 | D:8      | Noticed stillor's ghost (novice GrEE)
  9097 | D:8      | Found a viscous altar of Jiyva.
  9522 | D:9      | Noticed a gargoyle
  9536 | D:9      | Killed a gargoyle
  9952 | D:9      | Noticed a frost giant
 10044 | D:9      | Noticed Psyche
 10053 | D:9      | Killed Psyche
 10145 | D:9      | Reached XP level 11. HP: 92/92 MP: 14/14
 10438 | D:9      | Found a basalt altar of Yredelemnul.
 10441 | D:9      | Found a hazy altar of Hepliaklqana.
 10444 | D:9      | Found a bloodstained altar of Trog.
 10627 | D:9      | Reached skill level 1 in Evocations
 10728 | D:9      | Noticed a two-headed ogre
 10753 | D:9      | Killed a two-headed ogre
 11115 | D:9      | You fall into a shaft and drop 3 floors!
 11432 | D:12     | Noticed a five-headed hydra
 11447 | D:12     | Killed a five-headed hydra
 11488 | D:12     | Noticed an orc knight
 11534 | D:12     | HP: 3/92 [orc knight/+0 great mace (7)]
 11539 | D:12     | Killed an orc knight
 11556 | D:12     | Slain by a troll

Illustrated notes

Levels and vault maps discovered:
D:1:      evilmike_arrival_home_sweet_home, layout_loops_ring,
          chequers_serial_rivers_micro_e, minmay_misc_feat_chi,
          minmay_heptomino_h4
D:2:      layout_rooms, grunt_temple_overflow_open,
          chequers_ecumenical_altar_island, minmay_circled_x
D:3:      layout_basic, marbit_many_paths, uniq_sigmund, uniq_natasha,
          uniq_crazy_yiuf_cottage
D:4:      layout_basic, kennysheep_mini, minmay_temple_entry_drinking_statues,
          okawaru_gym_becter
D:5:      layout_gridville, nicolae_gozag_seed_capital, first_ration,
          uniq_duvessa, uniq_ijyb, uniq_edmund, uniq_grinder
D:6:      layout_basic, lemuel_crystal_altar, dk_vineyard_2, sword_in_stone
D:7:      layout_loops_ring, lemuel_crystal_altar, gammafunk_ghost_grave,
          uniq_pikel, uniq_menkaure
D:8:      layout_basic, lemuel_crystal_altar, gammafunk_ghost_ooze,
          hangedman_pestilent_swarm, uniq_maurice
D:9:      layout_basic, grunt_temple_overflow_diamond, grunt_ministairs_15,
          minmay_evil_grid, uniq_psyche
D:12:     layout_small_grid, portal_ice_cave_entry_pillars_1, uniq_nessos,
          uniq_nergalle, uniq_gastronok, uniq_snorg
Temple:   chequers_temple_sunken

Skill      XL: |  1  2  3  4  5  6  7  8  9 10 11 |
---------------+----------------------------------+-----
Stealth        | 1 2 |  2.0
Fighting       | 3 5 6 8 10 | 10.4
Axes           | 3 |  3.3
Shields        | 1 2 5 7 8 |  8.8
Dodging        | 2 5 6 7 |  7.6
Armour         | 5 7 8 |  8.8
Evocations     | 3 |  3.8
Throwing       | |  1.0
Spellcasting   | |  2.1
Translocations | |  2.6

Action                   |  1- 3 |  4- 6 |  7- 9 | 10-12 || total
-------------------------+-------+-------+-------+-------++-------
Melee: Hand axe          |   113 |       |       |       ||   113
       Dagger            |       |   141 |   258 |   233 ||   632
       War axe           |       |       |   107 |    86 ||   193
Throw: Boomerang         |     1 |       |     3 |       ||     4
Invok: Reject Sacrifices |       |       |     1 |       ||     1
 Abil: Dig               |       |     2 |     3 |     1 ||     6
       Shaft Self        |       |       |       |     1 ||     1
Evoke: Wand              |       |       |     1 |    12 ||    13
  Use: Scroll            |     2 |     2 |     3 |     2 ||     9
       Potion            |     1 |       |       |     8 ||     9
 Stab: Sleeping          |     2 |       |       |       ||     2
       Paralysed         |       |       |       |    12 ||    12
  Eat: Chunk             |     1 |     4 |    11 |     5 ||    21
       Ration            |       |     1 |     1 |     2 ||     4
Armor: Leather armour    |    38 |       |       |       ||    38
       Chain mail        |     6 |    50 |    18 |       ||    74
       Plate armour      |       |       |   137 |    97 ||   234
Dodge: Dodged            |    76 |    60 |   148 |   114 ||   398
Block: Buckler           |     2 |    21 |    48 |       ||    71
       Kite shield       |       |       |    57 |   188 ||   245

Table legend:
 A = Non-vault XP
 B = Vault XP
 C = Vault XP percentage of total XP
 D = Non-vault monster count
 E = Vault monster count
 F = Vault count percentage of total count
                 A         B        C        D         E       F
            +---------+---------+-------+---------+---------+-------
      Total |    6642 |    5091 |  43.4 |     138 |      34 |  19.8
            +---------+---------+-------+---------+---------+-------
        D:1 |      63 |       4 |   6.0 |      13 |       3 |  18.8
        D:2 |      68 |       7 |   9.3 |      26 |       4 |  13.3
        D:3 |     165 |     290 |  63.7 |      15 |       3 |  16.7
        D:4 |     222 |     228 |  50.7 |      12 |       2 |  14.3
        D:5 |     392 |     756 |  65.9 |      13 |       5 |  27.8
        D:6 |     745 |     208 |  21.8 |      13 |       3 |  18.8
        D:7 |     317 |     835 |  72.5 |      10 |       2 |  16.7
        D:8 |     256 |    1250 |  83.0 |       4 |       5 |  55.6
        D:9 |    1733 |    1513 |  46.6 |      13 |       7 |  35.0
       D:12 |    2681 |       0 |   0.0 |      19 |       0 |   0.0
            +---------+---------+-------+---------+---------+-------
